 Dungeon Crawl Stone Soup version 0.31-a0-960-g0fca184906 (webtiles) character file.

Game seed: 8070768615897519813

2121 Zonian the Frost Mage (level 9, -3/37 (45) HPs)
             Began as a Deep Elf Ice Elementalist on Oct 24, 2023.
             Was an Initiate of Gozag.
             Slain by a wight
             ... wielding a +0 great sword
              (4 damage)
             ... on level 6 of the Dungeon.
             The game lasted 00:17:45 (9496 turns).

Zonian the Frost Mage (Deep Elf Ice Elementalist)   Turns: 9496, Time: 00:17:45

HP:   -3/37 (45)    AC: 17    Str:  5    XL:     9   Next: 8%
MP:   15/17         EV: 12    Int: 25    God:    Gozag
Gold: 644           SH:  0    Dex: 15    Spells: 10/17 levels left

rFire   . . .        m - +2 mace (protect)
rCold   . . .        (no shield)
rNeg    . . .        j - +3 leather armour {rPois}
rPois   +            (no helmet)
rElec   .            (no cloak)
rCorr   .            (no gloves)
SInv    .            (no boots)
Will    .....        (no amulet)
Stlth   ++           u - +4 ring of protection
HPRegen 0.26/turn    (no ring)
MPRegen 0.15/turn

%: no passive effects
@: ice-armoured, heavily drained
A: no striking features
a: Renounce Religion, Potion Petition, Call Merchant, Bribe Branch


You were on level 6 of the Dungeon.
You worshipped Gozag.
Gozag was pleased with you.
You visited 2 branches of the dungeon, and saw 7 of its levels.
You also visited: Ossuary.

You collected 714 gold pieces.
You paid 70 gold pieces to Gozag.

Inventory:

Hand Weapons
 d - a +0 flail
 f - a +7 club
 h - a +0 short sword
 m - a +2 mace of protection (weapon)
 o - a +0 hammer of venom
Missiles
 p - 2 throwing nets
 q - 6 poisoned darts
Armour
 a - a +0 robe
 j - a +3 leather armour of poison resistance (worn)
 r - the +0 ring mail of the Barber Surgeon {Slay+6}
   (You found it on level 5 of the Dungeon)

   Slay+6:    It affects your accuracy & damage with ranged weapons and melee
   (+6).
Jewellery
 u - a +4 ring of protection (left hand)
Wands
 i - a wand of polymorph (8)
 s - a wand of flame (18)
 v - a wand of mindburst (4)
Scrolls
 g - 3 scrolls of enchant armour
 w - 4 scrolls of amnesia
 y - a scroll of blinking {unknown}
 A - a scroll of poison {unknown}
 B - a scroll of teleportation
Potions
 b - a potion of magic
 c - 2 potions of resistance
 e - 2 potions of curing
 k - a potion of heal wounds
 l - 2 potions of enlightenment {unknown}
 n - 3 potions of mutation
 t - 3 potions of invisibility {unknown}
 x - 2 potions of berserk rage {unknown}
 z - a potion of ambrosia {unknown}


   Skills:
 - Level 4.0 Dodging
 - Level 4.2 Stealth
 - Level 4.5 Spellcasting
 + Level 12.7 Ice Magic


You had 10 spell levels left.
You knew the following spells:

 Your Spells              Type           Power      Damage    Failure   Level
a - Freeze                Ice            100%       1d10      1%          1
b - Frozen Ramparts       Ice            100%       1d16      1%          3
c - Ozocubu's Armour      Ice            62%        N/A       1%          3

Your spell library contained the following spells:

 Spells                   Type           Power      Damage    Failure   Level
 Hailstorm                Conj/Ice       37%        3d9       3%          3
 Summon Ice Beast         Ice/Summ       37%        N/A       11%         4
 Dazzling Flash           Conj/Hex       10%        N/A       41%         3
 Cause Fear               Hex            2%         N/A       82%         4
 Agony                    Necr           5%         N/A       99%         5
 Fireball                 Conj/Fire      2%         3d4       99%         5
 Silence                  Hex/Air        2%         N/A       99%         5
 Dragon's Call            Summ           2%         N/A       100%        9


Dungeon Overview and Level Annotations

Branches:
Dungeon (6/15)             Temple (1/1) D:5         Ossuary (visited)

Altars:
Cheibriados
Elyvilon
Fedhas
Gozag
Kikubaaqudgha
Makhleb
Okawaru
Qazlal
Ru
Sif Muna
Vehumet
Yredelemnul
Zin
The Shining One

Shops:
D:4 =

Annotations:
D:3 Eustachio
D:4 1 runed translucent door, Crazy Yiuf


Message History

* * * LOW HITPOINT WARNING * * *
The wight hits you with a +0 great sword.
* * * LOW HITPOINT WARNING * * *
You feel drained.
You feel much better. The wight hits you but does no damage.
Unknown command.
You barely miss the wight.
The wight is severely damaged.
The wight hits you with a +0 great sword.
You barely miss the wight.
The wight is severely damaged.
The wight barely misses you.
Unknown command.
You barely miss the wight. You punch the wight, but do no damage.
The wight is heavily damaged.
The wight hits you with a +0 great sword!
* * * LOW HITPOINT WARNING * * *
The wight closely misses you.
You hit the wight.
Your weapon exudes an aura of protection.
The wight is severely damaged.
The wight misses you.
Unknown command.
You barely miss the wight.
The wight is severely damaged.
The wight closely misses you. The wight misses you.
You closely miss the wight.
The wight is heavily damaged.
The wight barely misses you.
Unknown command.
Throw: 3 throwing nets
Press: ? - help, Shift-Dir - straight line, f - wight
Aim: a wight, wielding a +0 great sword and wearing a +0 robe (heavily damaged, 54% to hit)
You throw a throwing net.
The throwing net barely misses the wight.
The wight hits you with a +0 great sword!
* * * LOW HITPOINT WARNING * * *
You feel drained.
You die...
Your body crumbles into a pile of gold.

#...... #......
#......
#########......
##.(............
##...)..z.#......
##...####.........
#.z###..###.......
#@##......##......
#.....##..........
#....####.........
#....####.........
#.....##..........
#.##......##......
#..###..###.......
##...####.........
#.........#.[....


You could see a wight.

Vanquished Creatures
  5 yaks (D:5)
  An ice beast (D:5)
  2 ogres
  A centaur (D:5)
  A phantom (D:6)
  An elf zombie (D:6)
  An elf skeleton (D:6)
  A scorpion (D:5)
  6 water moccasin zombies (Ossuary)
  3 jellies
  2 hounds (D:5)
  Ijyb (D:4)
  Jessica (D:3)
  A human zombie (D:6)
  A sleepcap (D:6)
  An orc wizard (D:4)
  2 mummies (Ossuary)
  2 gnolls (D:5)
  5 adders
  A white imp (D:5)
  4 adder zombies (Ossuary)
  4 worms
  A dart slug (D:5)
  12 orcs
  8 endoplasms
  3 giant cockroaches
  6 goblins
  3 hobgoblins
  7 jackals
  4 kobolds
  3 quokkas
  2 ball pythons (D:2)
  2 bats (D:3)
  3 frilled lizards
  4 gnoll zombies (Ossuary)
  5 hobgoblin zombies (Ossuary)
  6 kobold zombies (Ossuary)
  2 orc skeletons (D:6)
  2 orc zombies
  2 rats
122 creatures vanquished.

Notes
Turn   | Place    | Note
-------+----------+-------------------------------------------
     0 | D:1      | Zonian the Deep Elf Ice Elementalist began the quest for
                  | the Orb.
     0 | D:1      | Reached XP level 1. HP: 10/10 MP: 6/6
   383 | D:1      | Found a faded altar of an unknown god.
  1036 | D:2      | Reached XP level 2. HP: 3/15 MP: 6/8
  1375 | D:2      | Reached XP level 3. HP: 15/19 MP: 0/10
  1918 | D:2      | Found a sacrificial altar of Ru.
  2412 | D:3      | Learned a level 3 spell: Frozen Ramparts
  2416 | D:3      | Learned a level 3 spell: Ozocubu's Armour
  2610 | D:3      | Noticed Jessica
  2813 | D:3      | Reached XP level 4. HP: 24/24 MP: 11/11
  3265 | D:3      | Killed Jessica
  3266 | D:3      | Reached skill level 5 in Ice Magic
  3719 | D:4      | Noticed Eustachio
  4030 | D:4      | Noticed Ijyb
  4039 | D:4      | Killed Ijyb
  4040 | D:4      | Reached XP level 5. HP: 22/28 MP: 6/13
  4488 | D:4      | Found Jaseocam's Jewellery Emporium.
  4503 | D:4      | Found a basalt altar of Yredelemnul.
  4735 | D:4      | Found a runed translucent door.
  4736 | D:4      | Noticed Crazy Yiuf
  5547 | D:5      | Entered Level 5 of the Dungeon
  5547 | D:5      | Noticed a yak
  5547 | D:5      | Noticed a yak
  5547 | D:5      | Noticed a yak
  5547 | D:5      | Noticed a yak
  5547 | D:5      | Noticed a yak
  5596 | D:5      | Identified the +0 ring mail of the Barber Surgeon {Slay+6}
  5608 | D:5      | Found a staircase to the Ecumenical Temple.
  5635 | D:5      | Reached skill level 6 in Ice Magic
  5635 | D:5      | Reached XP level 6. HP: 32/32 MP: 11/14
  5769 | Temple   | Entered the Ecumenical Temple
  5824 | Temple   | Became a worshipper of Gozag Ym Sagoz the Greedy
  5852 | D:5      | Reached skill level 7 in Ice Magic
  6113 | D:5      | Noticed an ice beast
  6126 | D:5      | Reached XP level 7. HP: 36/36 MP: 8/15
  6285 | D:5      | Reached skill level 8 in Ice Magic
  6293 | D:5      | Found a glowing golden altar of the Shining One.
  6326 | D:5      | Killed a yak
  6426 | D:5      | Reached skill level 9 in Ice Magic
  6429 | D:5      | Killed a yak
  6429 | D:5      | Killed a yak
  6429 | D:5      | Killed a yak
  6430 | D:5      | Reached skill level 10 in Ice Magic
  6430 | D:5      | Reached XP level 8. HP: 41/41 MP: 12/16
  6437 | D:5      | Reached skill level 11 in Ice Magic
  7262 | D:6      | Found a sand-covered staircase.
  7292 | Ossuary  | Entered an ossuary
  7740 | Ossuary  | Reached skill level 12 in Ice Magic
  8938 | Ossuary  | Reached XP level 9. HP: 45/45 MP: 15/17
  9496 | D:6      | HP: 1/39 [wight/+0 great sword (10)]
  9496 | D:6      | Slain by a wight

Illustrated notes

Levels and vault maps discovered:
D:1:      dreamdust_arrival_beginning_and_end, layout_loops_cross,
          shapermc_ecumenical_altar_rom_forum, chequers_serial_rivers_small_b,
          nicolae_hexahallways
D:2:      layout_basic, basic_altar, kennysheep_decorative_pillar,
          bh_walls_and_bars
D:3:      minmay_spotlight, layout_loops_ring, uniq_jessica
D:4:      layout_loops_ring, mainiacjoe_overflow_concentric_impassable,
          serial_shops, shop, uniq_eustachio, uniq_ijyb, uniq_crazy_yiuf_cottage
D:5:      layout_rooms, tso_metal_star, minmay_temple_entry_wispy,
          nicolae_elevator_lobby_asterisk
D:6:      layout_gridville, kennysheep_little_box, nzn_wu_jian_council_hall,
          nicolae_ossuary_entry_catacombs, serial_shops, shop,
          minmay_misc_feat_iff
Temple:   hellmonk_temple_two_chambers

Skill      XL: |  1  2  3  4  5  6  7  8 |
---------------+-------------------------+-----
Stealth        | 3 4 |  4.2
Dodging        | 3 4 |  4.0
Spellcasting   | 4 |  4.5
Ice Magic      | 5 6 7 10 12 | 12.7

Action                     |  1- 3 |  4- 6 |  7- 9 || total
---------------------------+-------+-------+-------++-------
  Melee: Flail             |     7 |       |       ||     7
         Mace              |       |    49 |   316 ||   365
         Punch             |       |       |     5 ||     5
  Throw: Dart              |       |     1 |     1 ||     2
         Throwing net      |       |       |     1 ||     1
   Cast: Freeze            |    48 |    75 |    17 ||   140
         Ozocubu's Armour  |       |     1 |    13 ||    14
         Frozen Ramparts   |       |     1 |     7 ||     8
  Evoke: Wand              |       |       |     5 ||     5
    Use: Scroll            |       |     9 |     2 ||    11
         Potion            |       |     1 |     1 ||     2
   Stab: Sleeping          |     1 |     7 |     4 ||    12
         Distracted        |       |     1 |     1 ||     2
 Armour: Robe              |     6 |       |       ||     6
         Leather armour    |     9 |    65 |   246 ||   320
  Dodge: Dodged            |    20 |    64 |   212 ||   296

Table legend: (Time is in decaauts)
 A = Elapsed time spent in this place.
 B = Non-inter-level travel time spent in this place.
 C = Inter-level travel time spent in this place.
 D = Time resting spent in this place.
 E = Time spent auto-exploring this place.
 F = Levels seen in this place.
 G = Mean time per level.
                   A        B        C        D        E       F      G
               +--------+--------+--------+--------+--------+-----+--------+
         Total |   9643 |   9497 |    146 |   4325 |   3076 |   8 | 1205.4 |
       Dungeon |   7815 |   7669 |    146 |   2983 |   3076 |   6 | 1302.5 |
        Temple |     60 |     60 |      0 |      0 |      0 |   1 |   60.0 |
       Ossuary |   1767 |   1767 |      0 |   1342 |      0 |   1 | 1767.0 |
               +--------+--------+--------+--------+--------+-----+--------+

Top non-repeatable levels by time:
     D:4: 1832 daAuts
 Ossuary: 1767 daAuts
     D:2: 1410 daAuts
     D:3: 1346 daAuts
     D:5: 1341 daAuts
     D:1: 998 daAuts
     D:6: 886 daAuts
  Temple: 60 daAuts
